 Dungeon Crawl Stone Soup version 0.20.0-10-g0535bb4 (webtiles) character file.

220034 JeffiDaFish the Peltast (level 19, 0/127 HPs)
             Began as a Gargoyle Fighter on June 3, 2017.
             Was the Champion of Okawaru.
             Hit by a javelin thrown by a merfolk javelineer (9 damage)
             ... on level 4 of the Shoals.
             The game lasted 01:18:02 (35395 turns).

JeffiDaFish the Peltast (Gargoyle Fighter)         Turns: 35395, Time: 01:18:03

Health: 0/127      AC: 45    Str: 20    XL:     19   Next: 16%
Magic:  19/19      EV: 15    Int: 11    God:    Okawaru [******]
Gold:   1142       SH: 16    Dex: 21    Spells: 18/18 levels left

rFire    . . .     SeeInvis +   y - +5 eveningstar (protect)
rCold    + + .     Gourm    .   M - +0 shield {reflect}
rNeg     + . .     Faith    .   H - +0 ice dragon scales
rPois    ∞         Spirit   .   n - +2 hat {SInv}
rElec    +         Reflect  +   I - +0 cloak of Crawling {Dex+5}
rCorr    .         Harm     .   x - +2 pair of gloves {Dex+3}
MR       +++..                  t - +2 pair of boots
Stlth    ++........             D - amulet of rage
Regen    0.4/turn               m - ring of protection from magic
MPRegen  0.2/turn               v - ring "Optul" {rF+ Slay+3}

@: protection aura, flying, very slightly contaminated
A: big wings, talons 1, clumsy 1, magic resistance 1, negative energy resistance
1, electricity resistance, wild magic 2, unbreathing, petrification resistance,
rot immunity, AC +13
}: 1/15 runes: serpentine
a: Stop Flying, Heroism, Finesse, Renounce Religion, Evoke Berserk Rage


You were on level 4 of the Shoals.
You worshipped Okawaru.
Okawaru was exalted by your worship.
You were not hungry.

You visited 6 branches of the dungeon, and saw 32 of its levels.
You visited the Abyss 1 time.
You visited 1 bazaar.

You collected 2638 gold pieces.
You spent 1496 gold pieces at shops.

Inventory:

Hand Weapons
 y - a +5 eveningstar of protection (weapon)
Armour
 n - a +2 hat of see invisible (worn)
 t - a +2 pair of boots (worn)
 x - a +2 pair of gloves of dexterity (worn)
 H - +0 ice dragon scales (worn)
 I - the +0 cloak of Crawling (worn) {Dex+5}
   (Okawaru gifted it to you on level 2 of the Orcish Mines)

   It affects your dexterity (+5).
 M - a +0 shield of reflection (worn)
Jewellery
 h - a cursed ring of see invisible
 m - a ring of protection from magic (left hand)
 v - the ring "Optul" (right hand) {rF+ Slay+3}
   (You found it on level 1 of the Shoals)

   [ring of slaying]

   It affects your accuracy and damage with ranged weapons and melee attacks
   (+3).
   It protects you from fire.
 D - an amulet of rage (around neck)
 F - an uncursed ring of resist corrosion
Wands
 k - a wand of iceblast (7/15)
Scrolls
 b - 7 scrolls of teleportation
 c - a scroll of holy word
 e - 9 scrolls of recharging
 j - 3 scrolls of amnesia
 l - 12 scrolls of identify
 p - 2 scrolls of magic mapping
 q - 12 scrolls of remove curse
 C - 2 scrolls of blinking
Potions
 g - a potion of heal wounds
 o - a potion of might
 s - 2 potions of invisibility
 u - a potion of ambrosia
 z - a potion of haste
 B - 2 potions of brilliance
 G - 2 potions of resistance
 J - a potion of agility
 K - 3 potions of curing
Books
 w - a book of Changes

   Spells                             Type                      Level
   a - Beastly Appendage              Transmutation                1
   b - Sticks to Snakes               Transmutation                2
   c - Spider Form                    Transmutation/Poison         3
   d - Ice Form                       Ice/Transmutation            4
   e - Blade Hands                    Transmutation                5
 E - a book of Misfortune

   Spells                             Type                      Level
   a - Confusing Touch                Hexes                        1
   b - Confuse                        Hexes                        3
   c - Gell's Gravitas                Translocation                3
   d - Petrify                        Transmutation/Earth          4
   e - Metabolic Englaciation         Hexes/Ice                    5
   f - Yara's Violent Unravelling     Hexes/Transmutation          5
Comestibles
 a - 7 royal jellies
 f - 19 bread rations
 i - 19 meat rations
 r - 29 fruits


   Skills:
 + Level 16.8 Fighting
 + Level 18.5 Maces & Flails
 + Level 12.8 Armour
 + Level 6.8 Dodging
 + Level 5.2 Stealth
 + Level 19.1 Shields


You had 18 spell levels left.
You didn't know any spells.

Dungeon Overview and Level Annotations

Branches:
Dungeon (15/15) Temple (1/1) D:7 Lair (6/6) D:9 Shoals (4/4) Lair:2 Snake (4/4) Lair:2 Slime (0/5) Lair:6 Orc (2/2) D:12 Elf (0/3) Orc:2 Vaults (0/5) D:12 D:13 Depths (0/5) D:15

Altars:
Ashenzari
Cheibriados
Dithmenos
Gozag
Hepliaklqana
Nemelex Xobeh
Okawaru
Ru
Sif Muna
Trog
Uskayaw
Xom
Yredelemnul
The Shining One
Beogh

Shops:
D:4 !   D:8 %   D:10 (   Orc:2 :*[(   Snake:2 :*%[   Snake:3 (

Annotations:
Lair:3 exclusion: oklob plant


Innate Abilities, Weirdness & Mutations

You are resistant to torment.
Your stone body is resilient. (AC +13)
You are immune to poison.
Your large and strong wings let you fly indefinitely.
You resist negative energy. (rN+)
You are resistant to electric shocks. (rElec)
You can survive without breathing.
You are immune to petrification.
You are immune to rotting.
You have sharp toenails.
You are clumsy. (Dex -2)
You are resistant to hostile enchantments. (MR+)
Your spells are harder to cast, but more powerful.


Message History

As you read the scroll of teleportation, it crumbles to dust.
You feel strangely unstable.
The merfolk impaler throws a stone.
The stone hits you but does no damage.
You hear a splash.
You block the snapping turtle's attack.
Your surroundings suddenly seem different.
A merfolk javelineer and a water elemental come into view.
The merfolk javelineer is wielding a spear of venom.
The merfolk javelineer shouts!
You block the merfolk javelineer's attack.
The merfolk javelineer throws a javelin.
You reflect the javelin off your +0 shield of reflection!
The javelin hits the merfolk javelineer!
You hear a splash.
You bludgeon the merfolk javelineer!!
Your weapon exudes an aura of protection.
The merfolk javelineer is heavily wounded.
The merfolk javelineer throws a javelin.
The javelin hits you!
You die...

≈≈≈≈≈≈≈.#
≈≈≈≈≈≈≈.#
≈≈≈≈≈≈≈.####
≈≈≈≈≈≈≈≈...#####
≈≈≈≈≈≈≈≈≈≈.....#
≈≈≈≈≈≈≈≈≈≈≈≈≈.#
≈≈≈≈≈≈≈≈≈≈≈≈≈.##
≈≈≈≈≈≈≈≈E≈≈≈≈≈.#
≈≈≈≈≈≈≈≈@≈≈≈≈≈.#
≈≈≈≈≈≈≈≈m≈≈≈≈≈..
≈≈≈≈≈≈≈≈≈≈≈≈≈≈≈≈
≈≈≈≈≈≈≈≈≈≈≈≈≈≈≈≈
≈≈≈≈≈≈≈≈≈≈≈≈≈≈≈≈
≈≈≈≈≈≈≈≈≈≈≈≈≈≈≈
≈≈≈≈≈≈≈≈≈≈≈≈≈≈≈
###############


You could see a merfolk javelineer and a water elemental.

Vanquished Creatures
  Rupert (D:12)
  An Executioner (Abyss:4)
  The ghost of grandjackal the Impaler, an adept MfSk of Okawaru (Shoals:3)
  Frances (Snake:1)
  A tentacled starspawn (Abyss:4)
  16 nagarajas
  A revenant (Abyss:4)
  2 orc warlords
  A very ugly thing (Abyss:4)
  5 merfolk impalers
  4 merfolk javelineers
  2 ice dragons (D:15)
  16 naga warriors
  4 hydras
  A merfolk avatar (Shoals:2)
  Harold (Lair:3)
  2 catoblepae
  Erica (D:10)
  6 death yaks
  A centaur warrior (D:13)
  4 merfolk aquamancers
  8 two-headed ogres
  11 anacondas
  3 satyrs (Shoals:3)
  Urug (Lair:4)
  A deep troll shaman (Lair:6)
  The ghost of Brutalitops the Cleaver, a novice FoTm of the Shining One (D:8)
  An orc high priest (Orc:2)
  16 naga sharpshooters
  10 shock serpents
  4 large abominations (Abyss:4)
  A wretched star (Abyss:4)
  15 sea snakes
  2 salamander mystics (Snake:3)
  A spatial maelstrom (Abyss:4)
  A glowing orange brain (Abyss:4)
  An unseen horror (D:13)
  7 naga ritualists
  4 orc knights
  8 harpies
  A wolf spider zombie (D:14)
  3 lindwurms
  7 manticores
  2 deep elf magi (D:15)
  6 cyclopes
  19 fauns
  11 ugly things
  5 orc sorcerers
  8 salamanders
  13 mana vipers
  Joseph (D:8)
  3 merfolk sirens
  5 guardian serpents
  31 black mambas
  2 water nymphs
  13 elephants
  A gargoyle (D:13)
  18 naga magi
  3 centaur skeletons
  12 spiny frogs
  A centaur zombie (D:14)
  A torpor snail (Lair:4)
  An efreet (Abyss:4)
  A freezing wraith (D:13)
  A rime drake (Lair:6)
  6 komodo dragons
  4 yaktaurs (D:15)
  A tengu conjurer (D:12)
  17 merfolk
  3 wind drakes
  3 trolls
  A hornet (Lair:2)
  A polar bear (Lair:6)
  13 blink frogs
  Prince Ribbit (Lair:3)
  4 slime creatures
  5 dream sheep
  11 hippogriffs
  A meliai zombie (D:13)
  A flying skull (Abyss:4)
  3 starcursed masses (Abyss:4)
  6 snapping turtles
  48 yaks
  2 ynoxinuls (Abyss:4)
  9 water elementals
  4 wraiths
  16 humans
  3 wyverns
  3 basilisks
  2 hungry ghosts
  13 vampire mosquitoes
  A warg (Orc:1)
  60 nagas
  6 water moccasins
  Duvessa (D:6)
  6 porcupines
  2 hell hounds (D:9)
  3 ice beasts
  17 orc warriors
  5 sky beasts
  5 black bears
  2 phantoms
  2 necrophages (D:15)
  An eye of draining (D:10)
  13 ogres
  13 wolves
  3 centaurs
  8 crocodiles
  3 big kobolds
  A big kobold (shapeshifter) (D:15)
  Blork the orc (D:4)
  12 bullfrogs
  A gnoll sergeant (D:9)
  Dowan (D:6)
  A wyvern skeleton (D:13)
  A water moccasin skeleton (D:4)
  4 scorpions
  52 killer bees
  6 wights
  2 howler monkeys
  2 electric eels (Lair:2)
  6 crimson imps
  2 bullfrog zombies
  4 hounds
  3 jellies
  16 orc priests
  3 human zombies (D:15)
  2 bullfrog skeletons
  Ijyb (D:4)
  2 human skeletons (D:15)
  4 iguanas
  21 orc wizards
  9 worker ants
  A hound skeleton (D:6)
  A human simulacrum (Abyss:4)
  A mummy (D:15)
  17 gnolls
  A howler monkey skeleton (D:5)
  17 adders
  6 shadow imps
  A white imp (Abyss:4)
  9 oozes
  An adder skeleton (D:4)
  4 worms
  3 dart slugs (D:2)
  6 leopard geckos
  79 orcs
  3 ball pythons
  2 giant cockroaches
  10 goblins
  8 hobgoblins
  16 jackals
  33 kobolds
  2 quokkas
  11 bats
  4 frilled lizards
  A jackal zombie (D:9)
  An orc skeleton (D:15)
  13 rats
  3 tentacles (Shoals:4)
1080 creatures vanquished.

Vanquished Creatures (collateral kills)
  A hydra (Lair:3)
1 creature vanquished.

Vanquished Creatures (others)
  An alligator snapping turtle (Shoals:4)
  A naga sharpshooter (Snake:4)
  4 elephants (Lair:6)
  A naga mage (Snake:3)
  A wind drake (Shoals:1)
  A dream sheep (Shoals:2)
  2 yaks (Lair:6)
  A wolf (Lair:6)
  An orc wizard (D:8)
  8 fungi
  10 plants
  3 starspawn tentacles (Abyss:4)
  4 tentacles (Shoals:4)
38 creatures vanquished.

Grand Total: 1119 creatures vanquished

Notes
Turn   | Place    | Note
-------+----------+-------------------------------------------
     0 | D:1      | JeffiDaFish the Gargoyle Fighter began the quest for the Orb.
     0 | D:1      | Reached XP level 1. HP: 14/14 MP: 1/1
    49 | D:1      | Reached XP level 2. HP: 15/19 MP: 2/2
   336 | D:1      | Reached XP level 3. HP: 21/24 MP: 3/3
   933 | D:2      | Reached skill level 4 in Shields
  1003 | D:2      | Reached XP level 4. HP: 27/29 MP: 4/4
  1990 | D:3      | Reached XP level 5. HP: 33/33 MP: 5/5
  2415 | D:3      | Found a deep blue altar of Sif Muna.
  2548 | D:3      | Found a shattered altar of Ashenzari.
  2666 | D:4      | Noticed an ogre
  2674 | D:4      | Killed an ogre
  2674 | D:4      | Reached skill level 1 in Dodging
  2674 | D:4      | Reached skill level 5 in Shields
  2674 | D:4      | Reached XP level 6. HP: 32/38 MP: 6/6
  2685 | D:4      | Noticed Blork the orc
  2704 | D:4      | Killed Blork the orc
  2934 | D:4      | Reached XP level 7. HP: 43/43 MP: 7/7
  2950 | D:4      | Found an iron altar of Okawaru.
  2973 | D:4      | Became a worshipper of Warmaster Okawaru
  2990 | D:4      | Reached skill level 1 in Stealth
  3137 | D:4      | Reached skill level 6 in Shields
  3399 | D:4      | Reached skill level 5 in Maces & Flails
  3560 | D:4      | Found Hied's Distillery.
  3565 | D:4      | Bought a potion of might for 52 gold pieces
  3586 | D:4      | Noticed Ijyb
  3594 | D:4      | Killed Ijyb
  3603 | D:4      | Reached * piety under Okawaru
  3801 | D:4      | Noticed a hippogriff
  3826 | D:4      | Killed a hippogriff
  3826 | D:4      | Reached XP level 8. HP: 12/48 MP: 8/8
  4365 | D:4      | Found a glowing golden altar of the Shining One.
  4507 | D:5      | Entered Level 5 of the Dungeon
  4745 | D:5      | Reached ** piety under Okawaru
  4745 | D:5      | Reached skill level 5 in Armour
  4764 | D:5      | Reached skill level 5 in Fighting
  5437 | D:5      | Reached XP level 9. HP: 54/54 MP: 9/9
  5550 | D:6      | Reached skill level 7 in Shields
  6087 | D:6      | Noticed Dowan
  6088 | D:6      | Noticed Duvessa
  6102 | D:6      | Killed Duvessa
  6104 | D:6      | Killed Dowan
  6143 | D:6      | Found a shimmering altar of Xom.
  6404 | D:7      | Reached *** piety under Okawaru
  6528 | D:7      | Found a staircase to the Ecumenical Temple.
  6544 | Temple   | Entered the Ecumenical Temple
  6639 | D:7      | Found an iron altar of Okawaru.
  7054 | D:8      | Noticed a two-headed ogre
  7056 | D:8      | Noticed a two-headed ogre
  7063 | D:8      | Killed a two-headed ogre
  7063 | D:8      | Reached XP level 10. HP: 49/61 MP: 8/10
  7068 | D:8      | Killed a two-headed ogre
  7068 | D:8      | Reached skill level 10 in Maces & Flails
  7068 | D:8      | Reached skill level 8 in Shields
  7245 | D:8      | Noticed Brutalitops's ghost (novice FoTm)
  7287 | D:8      | Paralysed by fainting for 12 turns
  7334 | D:8      | Killed Brutalitops's ghost
  7334 | D:8      | Reached **** piety under Okawaru
  7586 | D:8      | Found a hide-covered altar of Uskayaw.
  7642 | D:8      | Found Vebul's Food Shoppe.
  7934 | D:8      | Noticed Joseph
  7956 | D:8      | Killed Joseph
  8076 | D:8      | Found a sacrificial altar of Ru.
  8079 | D:8      | Found a shadowy altar of Dithmenos.
  8082 | D:8      | Found a hazy altar of Hepliaklqana.
  8224 | D:9      | Reached ***** piety under Okawaru
  8353 | D:9      | Reached XP level 11. HP: 67/68 MP: 11/11
  8499 | D:9      | Found a staircase to the Lair.
  8536 | D:9      | Reached skill level 9 in Shields
  8570 | D:9      | Found a sparkling altar of Nemelex Xobeh.
  8631 | D:9      | Found a bloodstained altar of Trog.
  8871 | Lair:1   | Entered Level 1 of the Lair of Beasts
  9650 | Lair:1   | Received a gift from Okawaru
 10372 | Lair:2   | Reached skill level 10 in Shields
 10456 | Lair:2   | Found a staircase to the Shoals.
 10462 | Lair:2   | Noticed a manticore
 10475 | Lair:2   | Killed a manticore
 10545 | Lair:2   | Found a staircase to the Snake Pit.
 10649 | Lair:2   | Noticed a seven-headed hydra
 10658 | Lair:2   | Killed a seven-headed hydra
 10658 | Lair:2   | Reached XP level 12. HP: 76/76 MP: 9/12
 10946 | Lair:3   | Reached ****** piety under Okawaru
 11064 | Lair:3   | Noticed an eight-headed hydra
 11070 | Lair:3   | Killed an eight-headed hydra
 11454 | Lair:3   | Reached skill level 11 in Shields
 11479 | Lair:3   | Received a gift from Okawaru
 11687 | Lair:3   | Noticed Harold
 11688 | Lair:3   | Noticed Prince Ribbit
 11739 | Lair:3   | Killed Prince Ribbit
 11764 | Lair:3   | Killed Harold
 12305 | Lair:3   | Reached skill level 10 in Fighting
 12466 | Lair:4   | Noticed a four-headed hydra
 12480 | Lair:4   | Killed a four-headed hydra
 12643 | Lair:4   | Noticed a death yak
 12675 | Lair:4   | Killed a death yak
 12675 | Lair:4   | Reached XP level 13. HP: 49/82 MP: 10/13
 12976 | Lair:4   | Noticed Urug
 13005 | Lair:4   | Killed Urug
 13595 | Lair:5   | Received a gift from Okawaru
 13922 | Lair:5   | Reached skill level 12 in Shields
 14472 | Lair:6   | Entered Level 6 of the Lair of Beasts
 14825 | Lair:6   | Found a staircase to the Slime Pits.
 15030 | Lair:6   | Gained mutation: Your spells are a little harder to cast, but a little more powerful. [potion of mutation]
 15030 | Lair:6   | Gained mutation: You are resistant to hostile enchantments. (MR+) [potion of mutation]
 15030 | Lair:6   | Gained mutation: You evolve. [potion of mutation]
 15030 | Lair:6   | Gained mutation: Your spells are harder to cast, but more powerful. [potion of mutation]
 15127 | Lair:6   | Received a gift from Okawaru
 15174 | Lair:6   | Reached skill level 15 in Maces & Flails
 15242 | Lair:6   | Gained mutation: Your large and strong wings let you fly indefinitely. [Gargoyle growth]
 15242 | Lair:6   | Reached XP level 14. HP: 76/90 MP: 11/14
 15997 | D:10     | Entered Level 10 of the Dungeon
 16000 | D:10     | Found Duidexav's Antique Weapon Shoppe.
 16021 | D:10     | Bought a runed eveningstar for 666 gold pieces
 16077 | D:10     | Reached skill level 13 in Shields
 16114 | D:10     | Noticed Erica
 16124 | D:10     | Killed Erica
 16124 | D:10     | Received a gift from Okawaru
 16124 | D:10     | Reached skill level 10 in Armour
 16974 | D:11     | Found a snail-covered altar of Cheibriados.
 17470 | D:12     | Found a staircase to the Orcish Mines.
 17899 | D:12     | Found an opulent altar of Gozag.
 18557 | D:13     | Found a gate to the Vaults.
 18557 | D:13     | Noticed Rupert
 18674 | D:12     | Killed Rupert
 19215 | D:13     | Gained mutation: You have sharp toenails. [evolution]
 19215 | D:13     | Lost mutation: You evolve. [end of evolution]
 19328 | D:13     | Received a gift from Okawaru
 19328 | D:13     | Reached XP level 15. HP: 97/97 MP: 15/15
 19492 | D:13     | Reached skill level 14 in Shields
 20339 | D:14     | Received a gift from Okawaru
 20833 | D:15     | Entered Level 15 of the Dungeon
 20944 | D:15     | Found a hide-covered altar of Uskayaw.
 21550 | D:15     | Received a gift from Okawaru
 21668 | D:15     | Found a basalt altar of Yredelemnul.
 22017 | D:15     | Found a staircase to the Depths.
 22275 | Orc:1    | Entered Level 1 of the Orcish Mines
 22580 | Orc:2    | Entered Level 2 of the Orcish Mines
 22743 | Orc:2    | Noticed an orc warlord
 23323 | Orc:1    | Killed an orc warlord
 23831 | Orc:2    | Received a gift from Okawaru
 23844 | Orc:2    | Found a roughly hewn altar of Beogh.
 23884 | Orc:2    | Found Feeng's Antique Weapon Emporium.
 23916 | Orc:2    | Got a slimy cloak {god gift}
 23927 | Orc:2    | Identified the +0 cloak of Crawling {Dex+5} (Okawaru gifted it to you on level 2 of the Orcish Mines)
 24103 | Orc:2    | Noticed an orc warlord
 24126 | Orc:2    | Killed an orc warlord
 24352 | Orc:2    | Found a staircase to the Elven Halls.
 24421 | Orc:2    | Found Racot's Antique Armour Emporium.
 24428 | Orc:2    | Bought a glowing helmet for 187 gold pieces
 24439 | Orc:2    | Found Nenifea's Book Emporium.
 24465 | Orc:2    | Found Huhaca's General Store.
 24752 | Snake:1  | Entered Level 1 of the Snake Pit
 24896 | Snake:1  | Reached skill level 15 in Shields
 24949 | Snake:1  | Reached XP level 16. HP: 71/105 MP: 12/16
 25637 | Snake:1  | Noticed Frances
 25652 | Snake:1  | Killed Frances
 26276 | Snake:2  | Noticed a nagaraja
 26291 | Snake:2  | Killed a nagaraja
 26318 | Snake:2  | Received a gift from Okawaru
 26432 | Snake:2  | Found Jonu Xoul's Book Shop.
 26433 | Snake:2  | Found Voptegg's Food Boutique.
 26433 | Snake:2  | Found Kewuvi's Assorted Antiques.
 26438 | Snake:2  | Found Qusuod's Armour Boutique.
 26449 | Snake:2  | Bought a scroll of enchant armour for 247 gold pieces
 26472 | Snake:2  | Noticed a nagaraja
 26479 | Snake:2  | Killed a nagaraja
 26537 | Snake:2  | Reached skill level 16 in Shields
 27071 | Snake:2  | Noticed a nagaraja
 27085 | Snake:2  | Killed a nagaraja
 28088 | Snake:3  | Noticed a nagaraja
 28122 | Snake:3  | Killed a nagaraja
 28195 | Snake:3  | Found Lavy's Weapon Shop.
 28221 | Snake:3  | Noticed a nagaraja
 28239 | Snake:3  | Killed a nagaraja
 28239 | Snake:3  | Received a gift from Okawaru
 28239 | Snake:3  | Reached XP level 17. HP: 99/112 MP: 14/17
 28710 | Snake:3  | Reached skill level 5 in Dodging
 28717 | Snake:3  | Reached skill level 15 in Fighting
 28832 | Snake:3  | Reached skill level 17 in Shields
 29155 | Snake:4  | Entered Level 4 of the Snake Pit
 30144 | Snake:4  | Received a gift from Okawaru
 30644 | Snake:4  | Reached XP level 18. HP: 100/120 MP: 15/18
 30683 | Snake:4  | Reached skill level 18 in Shields
 30737 | Snake:4  | Got a serpentine rune of Zot
 31300 | Shoals:1 | Entered Level 1 of the Shoals
 31388 | Shoals:1 | Found a transporter.
 31477 | Shoals:1 | Reached skill level 5 in Stealth
 31511 | Shoals:1 | Found a transporter.
 31599 | Shoals:1 | Cast into level 4 of the Abyss (the power of Zot)
 31665 | Abyss:4  | Gained mutation: You are clumsy. (Dex -2) [mutagenic glow]
 31771 | Abyss:4  | Received a gift from Okawaru
 31897 | Shoals:1 | Escaped the Abyss
 32439 | Shoals:1 | Got a shimmering steel ring
 32441 | Shoals:1 | Identified the ring "Optul" {rF+ Slay+3} (You found it on level 1 of the Shoals)
 32457 | Shoals:1 | Got a wavering steel ring
 32461 | Shoals:1 | Identified the ring "Donwe" {MP-9 Int+7 Stlth+} (You found it on level 1 of the Shoals)
 34087 | Shoals:3 | Noticed grandjackal's ghost (adept MfSk)
 34112 | Shoals:3 | Killed grandjackal's ghost
 34137 | Shoals:3 | Received a gift from Okawaru
 34234 | Shoals:3 | Found a flickering gateway to a bazaar.
 34280 | Bazaar   | Entered a bazaar
 34280 | Bazaar   | Found Xallyich's Armour Boutique.
 34280 | Bazaar   | Found Tuomyes's Weapon Shop.
 34280 | Bazaar   | Found Kuibo's Armour Shop.
 34286 | Bazaar   | Bought a +2 pair of gloves of dexterity for 344 gold pieces
 34615 | Shoals:3 | Reached skill level 19 in Shields
 34615 | Shoals:3 | Reached XP level 19. HP: 127/127 MP: 19/19
 35169 | Shoals:4 | Entered Level 4 of the Shoals
 35187 | Shoals:4 | Received a gift from Okawaru
 35395 | Shoals:4 | Hit by a javelin thrown by a merfolk javelineer

Skill      XL: |  1  2  3  4  5  6  7  8  9 10 11 12 13 14 15 16 17 18 |
---------------+-------------------------------------------------------+-----
Shields        | 4 5 6 7 8 10 11 12 13 15 16 17 19 | 19.1
Maces & Flails | 3 4 6 7 9 11 12 13 15 16 17 18 | 18.5
Fighting       | 4 5 6 8 9 10 11 12 13 14 15 16 | 16.8
Armour         | 4 5 6 7 8 9 10 11 12 | 12.8
Dodging        | 1 2 3 4 5 6 |  6.8
Stealth        | 1 2 4 5 |  5.2

Action                   |  1- 3 |  4- 6 |  7- 9 | 10-12 | 13-15 | 16-18 | 19-21 || total
-------------------------+-------+-------+-------+-------+-------+-------+-------++-------
Melee: Flail             |   148 |   214 |    78 |       |       |       |       ||   440
       Morningstar       |       |       |   438 |   988 |   597 |       |       ||  2023
       Eveningstar       |       |       |       |       |  1349 |  1797 |   132 ||  3278
Invok: Heroism           |       |       |       |       |     2 |       |       ||     2
 Abil: Fly               |       |       |       |       |     1 |     1 |       ||     2
       Stop Flying       |       |       |       |       |       |     1 |       ||     1
  Use: Scroll            |     3 |     3 |     7 |     8 |     9 |    15 |     3 ||    48
       Potion            |     1 |     1 |     9 |     5 |     8 |     9 |       ||    33
 Stab: Petrified         |       |       |       |       |     7 |       |       ||     7
       Invisible         |       |       |       |       |     5 |       |       ||     5
       Petrifying        |       |       |       |       |     3 |       |       ||     3
       Confused          |       |       |       |       |     1 |       |       ||     1
       Sleeping          |       |       |       |       |     1 |     2 |       ||     3
       Distracted        |       |       |       |       |       |     1 |       ||     1
  Eat: Chunk             |     1 |     6 |    14 |    19 |    44 |    26 |     3 ||   113
       Royal jelly       |       |       |       |     1 |       |     3 |       ||     4
       Fruit             |       |       |       |       |       |     2 |       ||     2
Armor: Scale mail        |   105 |    25 |       |       |       |       |       ||   130
       Chain mail        |       |   151 |   312 |    33 |       |       |       ||   496
       Plate armour      |       |       |       |   611 |   858 |       |       ||  1469
       Ice dragon scales |       |       |       |       |   156 |   808 |    96 ||  1060
Dodge: Dodged            |    68 |    61 |   122 |   227 |   448 |   569 |    70 ||  1565
Block: Shield            |    96 |   121 |   310 |   655 |  1140 |   957 |   122 ||  3401
       Large shield      |       |       |       |       |       |   537 |       ||   537
       Reflection        |       |       |       |       |       |   103 |    18 ||   121
